 Dungeon Crawl Stone Soup version 0.24-a0-59-gc4a3eeb (webtiles) character file.

Game seed: 11877993254119038667

81 Dantiko the Slinger (level 4, 0/29 HPs)
             Began as a Halfling Hunter on Feb 4, 2019.
             Succumbed to kobold's curare-tipped needle
             ... on level 3 of the Dungeon.
             The game lasted 00:07:28 (1871 turns).

Dantiko the Slinger (Halfling Hunter)               Turns: 1871, Time: 00:07:29

Health: 0/29       AC:  4    Str: 13    XL:     4   Next: 68%
Magic:  4/4        EV: 14    Int: 14    God:
Gold:   120        SH:  0    Dex: 15    Spells: 3/3 levels left

rFire    . . .     SeeInvis .   a - +1 hunting sling
rCold    . . .     Gourm    .   (shield restricted)
rNeg     . . .     Faith    .   c - +0 leather armour
rPois    .         Spirit   .   (no helmet)
rElec    .         Reflect  .   o - +0 cloak
rCorr    .         Harm     .   (no gloves)
MR       +....                  (no boots)
Stlth    ++........             (no amulet)
HPRegen  0.09/turn              (no ring)
MPRegen  0.09/turn              m - ring of protection from magic

@: brilliant, lethally poisoned (0 -> -13), hasted and slowed
A: small, mutation resistance 1
a: no special abilities


You were on level 3 of the Dungeon.
You were not hungry.

You visited 1 branch of the dungeon, and saw 3 of its levels.

You collected 120 gold pieces.

Inventory:

Hand Weapons
 a - a +1 hunting sling (weapon)
Missiles
 d - 15 sling bullets (quivered)
 h - 50 stones
Armour
 c - a +0 leather armour (worn)
 o - a +0 cloak (worn)
Jewellery
 m - a ring of protection from magic (right hand)
Scrolls
 b - a scroll of amnesia {unknown}
 e - 3 scrolls of identify {unknown}
 k - a scroll of immolation {unknown}
 q - 2 scrolls of random uselessness {unknown}
Potions
 i - a potion of brilliance
 j - a potion of magic {unknown}
 l - a potion of haste
 n - a potion of flight {unknown}
 p - a potion of agility {unknown}
 r - a potion of heal wounds {unknown}
Comestibles
 f - 7 rations
 g - 3 chunks of flesh


   Skills:
 - Level 1.7 Fighting
 + Level 8.3 Slings
 - Level 2.1 Dodging
 - Level 1.1 Stealth


You had 3 spell levels left.
You didn't know any spells.
Your spell library was empty.

Dungeon Overview and Level Annotations

Branches:
Dungeon (3/15)

Altars:
Fedhas


Innate Abilities, Weirdness & Mutations

You are small and have problems with some larger weapons.
You are somewhat resistant to further mutation.


Message History

Aim: a kobold, wielding a +0 blowgun (moderately wounded)
You shoot a sling bullet.
The sling bullet completely misses the kobold.
The kobold shoots a curare-tipped needle.
The curare-tipped needle misses you.
The kobold shoots a curare-tipped needle.
The curare-tipped needle hits you.
You are more poisoned.
You have difficulty breathing.
* * * LOW HITPOINT WARNING * * *
You feel as though you will be slow longer.
You are too injured to fight recklessly!
It was a potion of brilliance.
You feel clever all of a sudden.
* * * LOW HITPOINT WARNING * * *
You feel sick.
The kobold shoots a curare-tipped needle.
The curare-tipped needle closely misses you.
It was a potion of haste.
You feel yourself speed up.
You die...

# ###. .K. #.. ###
#.. ..#########
#.$### #.........#
#....#
#########.#####.#.###
.......#>...>...@...#
.#####.#..#####.#.#.#
.## #.#..# #.#.#.#
#.# #.#..# #)#.#.#
#.# ##.#..# #.#.#.#
#.###.....#####...#.#
.##...........###.#.#
###.#.....###.# #.#.#
# #.##.#..# #.# #.#.#


You could see a kobold.

Vanquished Creatures
  2 adders
  An ooze (D:2)
  2 dart slugs (D:3)
  A leopard gecko (D:2)
  3 orcs (D:3)
  4 giant cockroaches
  6 goblins
  6 hobgoblins
  A quokka (D:2)
  6 bats
  8 frilled lizards
  7 kobolds
  4 rats
51 creatures vanquished.

Notes
Turn   | Place    | Note
-------+----------+-------------------------------------------
     0 | D:1      | Dantiko the Halfling Hunter began the quest for the Orb.
     0 | D:1      | Reached XP level 1. HP: 14/14 MP: 1/1
    22 | D:1      | Reached skill level 6 in Slings
   207 | D:1      | Reached XP level 2. HP: 19/19 MP: 2/2
  1002 | D:2      | Reached skill level 7 in Slings
  1002 | D:2      | Reached XP level 3. HP: 24/24 MP: 3/3
  1278 | D:2      | Reached XP level 4. HP: 29/29 MP: 4/4
  1466 | D:3      | Found a blossoming altar of Fedhas.
  1568 | D:3      | Reached skill level 8 in Slings
  1871 | D:3      | Succumbed to kobold's curare-tipped needle

Vault maps used:
D:1:      minmay_arrival_plants_in_alcoves
D:3:      lemuel_doored_altar

Skill      XL: |  1  2  3  4 |
---------------+-------------+-----
Slings         | 6 7 8 |  8.3
Fighting       | |  1.7
Dodging        | |  2.1
Stealth        | |  1.1

Action                   |  1- 3 |  4- 6 || total
-------------------------+-------+-------++-------
 Fire: Hunting sling     |    89 |    62 ||   151
  Use: Potion            |       |     2 ||     2
  Eat: Chunk             |     1 |     2 ||     3
Armor: Leather armour    |     4 |     6 ||    10
Dodge: Dodged            |    19 |    20 ||    39

Table legend:
 A = Non-vault XP
 B = Vault XP
 C = Vault XP percentage of total XP
 D = Non-vault monster count
 E = Vault monster count
 F = Vault count percentage of total count
                 A         B        C        D         E       F
            +---------+---------+-------+---------+---------+-------
      Total |     117 |       0 |   0.0 |      51 |       0 |   0.0
            +---------+---------+-------+---------+---------+-------
        D:1 |      24 |       0 |   0.0 |      17 |       0 |   0.0
        D:2 |      50 |       0 |   0.0 |      19 |       0 |   0.0
        D:3 |      43 |       0 |   0.0 |      15 |       0 |   0.0
            +---------+---------+-------+---------+---------+-------
